 Dungeon Crawl Stone Soup version 0.25-a0-482-g9b3b753f3f (webtiles) character file.

Game seed: 5427577585660863975, levelgen mode: deterministic

135 DerDa the Magician (level 4, -3/24 HPs)
             Began as a Deep Elf Wizard on Feb 10, 2020.
             Slain by a scorpion (6 damage)
             ... on level 5 of the Dungeon.
             The game lasted 00:08:12 (2518 turns).

DerDa the Magician (Deep Elf Wizard)                Turns: 2518, Time: 00:08:12

Health: -3/24      AC:  2    Str:  4    XL:     4   Next: 96%
Magic:  13/13      EV: 13    Int: 24    God:
Gold:   122        SH:  0    Dex: 13    Spells: 8/14 levels left

rFire    . . .     SeeInvis .   n - +0 short sword (drain)
rCold    . . .     Gourm    .   (no shield)
rNeg     . . .     Faith    .   a - +0 robe
rPois    .         Spirit   .   b - +0 hat
rElec    .         Reflect  .   (no cloak)
rCorr    .         Harm     .   (no gloves)
MR       .....                  (no boots)
Stlth    ++........             j - amulet of inaccuracy (curse)
HPRegen  0.08/turn              (no ring)
MPRegen  0.13/turn              (no ring)

@: no status effects
A: no striking features
a: no special abilities


You were on level 5 of the Dungeon.
You were hungry.

You visited 1 branch of the dungeon, and saw 5 of its levels.

You collected 122 gold pieces.

Inventory:

Hand Weapons
 n - a +0 short sword of draining (weapon)
Missiles
 e - 60 stones
 g - 10 poisoned darts (quivered)
Armour
 a - a +0 robe (worn)
 b - a +0 hat (worn)
Jewellery
 j - a cursed amulet of inaccuracy (around neck)
Wands
 o - a wand of iceblast (9)
Scrolls
 f - a scroll of amnesia
 i - 2 scrolls of magic mapping
Potions
 h - 2 potions of flight
 m - a potion of mutation {unknown}
 p - a potion of lignification {unknown}
Comestibles
 d - 6 rations


   Skills:
 + Level 3.1 Dodging
 - Level 2.4 Stealth
 * Level 5.6 Spellcasting
 * Level 2.8 Conjurations
   Level 1.1 Summonings
 - Level 1.1 Translocations
 * Level 1.3 Air Magic
 * Level 1.7 Poison Magic


You had 8 spell levels left.
You knew the following spells:

 Your Spells              Type           Power        Failure   Level  Hunger
a - Magic Dart            Conj           ###.         2%          1    None
b - Mephitic Cloud        Conj/Pois/Air  ###.....     11%         3    #......
q - Blink                 Tloc           N/A          8%          2    None

Your spell library contained the following spells:

 Spells                   Type           Power        Failure   Level  Hunger
 Call Imp                 Summ           ##......     8%          2    None
 Slow                     Hex            #.......     13%         2    None
 Conjure Flame            Conj/Fire      ##......     14%         3    #......


Dungeon Overview and Level Annotations

Branches:
Dungeon (6/15)
 Temple: D:4-7

Altars:
Elyvilon

Annotations:
D:3 Natasha
D:6 1 runed translucent door


Message History

An orc wizard comes into view. It is wielding a +0 dagger.
The orc throws a boomerang.
The boomerang closely misses you.
The weapon returns to the orc!
A jackal skeleton comes into view.
The crimson imp barely misses you.
A centaur comes into view.
The orc priest casts a cantrip, but nothing happens.
The crimson imp blinks!
As you read the scroll labeled SANEGO ILOLON, it crumbles to dust.
The scroll dissolves into smoke.
It was a scroll of fog.
The adder bites you.
* * * LOW HITPOINT WARNING * * *
You hit the adder. You drain the adder.
The adder is severely wounded.
The adder bites you.
* * * LOW HITPOINT WARNING * * *
The adder bites you but does no damage.
You miss the adder.
The adder is severely wounded.
The adder closely misses you. The scorpion stings you.
You die...

#...#.o..>#
###...#.....##
##.#..o..5....#
#.......##......#
##...o..####....##
#§§§§#### ##.....
#§§§§# #.....
##sSo# ##.#Z.$
#§@## . ####


You could see a scorpion, an orc priest and an adder.

Vanquished Creatures
  A jelly (D:6)
  An orc wizard (D:3)
  An ooze (D:1)
  A worm (D:2)
  2 dart slugs
  3 leopard geckos
  2 orcs (D:2)
  7 bats
  6 giant cockroaches
  6 goblins
  3 hobgoblins
  2 jackals (D:6)
  9 kobolds
  A ball python (D:1)
  6 frilled lizards
  5 rats
56 creatures vanquished.

Notes
Turn   | Place    | Note
-------+----------+-------------------------------------------
     0 | D:1      | DerDa the Deep Elf Wizard began the quest for the Orb.
     0 | D:1      | Reached XP level 1. HP: 10/10 MP: 7/7
   103 | D:1      | Reached XP level 2. HP: 9/15 MP: 0/9
   459 | D:1      | Reached skill level 5 in Spellcasting
   564 | D:1      | Reached XP level 3. HP: 18/19 MP: 6/11
   569 | D:1      | Learned a level 3 spell: Mephitic Cloud
   572 | D:1      | Learned a level 2 spell: Blink
   995 | D:2      | Found a white marble altar of Elyvilon.
  1494 | D:3      | Reached skill level 1 in Poison Magic
  1844 | D:3      | Reached skill level 1 in Air Magic
  1844 | D:3      | Reached XP level 4. HP: 14/24 MP: 13/13
  2117 | D:3      | Noticed Natasha
  2126 | D:3      | You fall into a shaft and drop 3 floors!
  2409 | D:6      | Noticed an ice beast
  2468 | D:6      | Found a runed translucent door.
  2502 | D:5      | Entered Level 5 of the Dungeon
  2508 | D:5      | Noticed a centaur
  2518 | D:5      | Slain by a scorpion

Levels and vault maps discovered:
D:1:      dpeg_arrival_refuge, layout_rooms, serial_glass, glass_columns_a,
          glass_columns_b, glass_columns_a, glass_columns_a, st_stairs_13
D:2:      layout_basic, elyvilon_altar_4, first_ration, hex_medium,
          item_on_display_a
D:3:      layout_loops_ring, tgw_xom, biasface_ghost_orc_armoury, uniq_natasha
D:5:      layout_cave_pools, overflow_temple_1_default,
          nicolae_gozag_seed_capital, old_standard_altar
D:6:      layout_loops_ring, minmay_temple_entry_junction, serial_rivers,
          chequers_serial_rivers_micro_e, chequers_serial_rivers_micro_d,
          chequers_serial_rivers_small_a, chequers_serial_rivers_small_3,
          chequers_serial_rivers_small_3, ebering_ghost_reflecting_pool

Skill      XL: |  1  2  3 |
---------------+----------+-----
Conjurations   | 2 |  2.8
Spellcasting   | 5 |  5.6
Poison Magic   | 1 |  1.7
Dodging        | 3 |  3.1
Air Magic      | 1 |  1.3
Stealth        | |  2.4
Summonings     | |  1.1
Translocations | |  1.1

Action                   |  1- 3 |  4- 6 || total
-------------------------+-------+-------++-------
Melee: Whip              |    33 |       ||    33
       Short sword       |    34 |    10 ||    44
 Cast: Magic Dart        |    98 |    29 ||   127
  Use: Scroll            |     5 |     2 ||     7
       Potion            |     1 |       ||     1
  Eat: Chunk             |     1 |     3 ||     4
Armor: Robe              |    22 |     2 ||    24
Dodge: Dodged            |    72 |    12 ||    84

Table legend:
 A = Non-vault XP
 B = Vault XP
 C = Vault XP percentage of total XP
 D = Non-vault monster count
 E = Vault monster count
 F = Vault count percentage of total count
                 A         B        C        D         E       F
            +---------+---------+-------+---------+---------+-------
      Total |     191 |       2 |   1.0 |      54 |       2 |   3.6
            +---------+---------+-------+---------+---------+-------
        D:1 |      48 |       2 |   4.0 |      25 |       2 |   7.4
        D:2 |      40 |       0 |   0.0 |      19 |       0 |   0.0
        D:3 |      56 |       0 |   0.0 |       7 |       0 |   0.0
        D:6 |      47 |       0 |   0.0 |       3 |       0 |   0.0
            +---------+---------+-------+---------+---------+-------
